 Dungeon Crawl Stone Soup version 0.24-a0-536-gdd4cf15266 (webtiles) character file.

Game seed: 4388941835648600106

11911 Peloso the Carver (level 11, -5/97 HPs)
             Began as a Minotaur Fighter on Aug 11, 2019.
             Was an Elder of Okawaru.
             Slain by a minotaur
             ... wielding the +1 long sword of Okawaru's Esteem {venom, *Rage Int+4 SInv}
              (30 damage)
             ... in a Gauntlet.
             The game lasted 00:36:43 (14101 turns).

Peloso the Carver (Minotaur Fighter)               Turns: 14101, Time: 00:36:43

Health: -5/97      AC: 24    Str: 28    XL:     11   Next: 55%
Magic:  0/10       EV:  7    Int:  5    God:    Okawaru [****..]
Gold:   811        SH: 20    Dex: 13    Spells: 10/10 levels left

rFire    + . .     SeeInvis +   a - +1 long sword
rCold    + + .     Gourm    .   c - +1 shield
rNeg     . . .     Faith    .   E - +0 crystal plate armour
rPois    .         Spirit   +   O - +0 hat of Discretion {+Inv rF+}
rElec    .         Reflect  +   P - scarf {Spirit}
rCorr    .         Harm     .   p - +0 pair of gloves
MR       +....     NoTele   +   h - +1 pair of boots {Fly}
Stlth    ..........             H - +6 amulet of reflection
HPRegen  0.26/turn              L - ring of Waqulitt {rC+ MR+ Dex+2 SInv}
MPRegen  0.12/turn              F - ring of protection from cold

@: mighty, flying
A: retaliatory headbutt, horns 2
a: Heroism, Renounce Religion, Evoke Invisibility, Stop Flying


You were in a Gauntlet.
You worshipped Okawaru.
Okawaru was greatly pleased with you.
You were hungry.

You visited 4 branches of the dungeon, and saw 13 of its levels.
You also visited: Bailey and Gauntlet.

You collected 1058 gold pieces.
You spent 247 gold pieces at shops.

Inventory:

Hand Weapons
 a - a +1 long sword (weapon)
 j - a +1 whip of flaming
Armour
 b - a +2 scale mail of fire resistance
 c - a +1 shield (worn)
 h - a +1 pair of boots of flying (worn)
 p - a +0 pair of gloves (worn)
 E - a +0 crystal plate armour (worn)
 M - a scarf of spirit shield
 O - the +0 hat of Discretion (worn) {+Inv rF+}
   (You found it in a Gauntlet)

   It protects you from fire.
   It lets you turn invisible.
 P - a scarf of spirit shield (worn)
Jewellery
 l - an uncursed amulet of magic regeneration
 y - an uncursed ring of stealth
 C - an uncursed amulet of harm
 F - a ring of protection from cold (right hand)
 H - a +6 amulet of reflection (around neck)
 L - the ring of Waqulitt (left hand) {rC+ MR+ Dex+2 SInv}
   (You found it in a Gauntlet)

   [ring of protection from magic]

   It affects your dexterity (+2).
   It protects you from cold.
   It affects your resistance to hostile enchantments.
   It lets you see invisible.
Wands
 v - a wand of polymorph (17)
 B - a wand of paralysis (4)
 I - a wand of clouds (5)
 J - a wand of flame (17)
Scrolls
 d - 3 scrolls of amnesia
 e - 9 scrolls of teleportation
 g - 3 scrolls of remove curse
 q - 6 scrolls of enchant weapon
 t - a scroll of enchant armour
 z - 2 scrolls of fog
 A - a scroll of silence
 D - 3 scrolls of identify
 G - a scroll of noise {unknown}
Potions
 i - 2 potions of flight
 k - 4 potions of ambrosia
 m - 2 potions of resistance
 n - a potion of mutation {unknown}
 o - a potion of brilliance {unknown}
 r - 7 potions of curing
 s - 2 potions of heal wounds {unknown}
 w - 2 potions of haste {unknown}
 x - a potion of berserk rage {unknown}
 K - a potion of cancellation {unknown}
Comestibles
 f - 22 rations


   Skills:
 + Level 9.4 Fighting
 + Level 12.4 Long Blades
 + Level 9.7 Armour
 + Level 5.8 Dodging
 + Level 2.0 Stealth
 + Level 11.8 Shields
 + Level 0.3 Invocations


You had 10 spell levels left.
You didn't know any spells.
Your spell library contained the following spells:

 Spells                   Type           Power        Failure   Level  Hunger
 Animate Skeleton         Necr           N/A          100%        1    ##.....
 Apportation              Tloc           #.....       100%        1    ##.....
 Confusing Touch          Hex            #.....       100%        1    ##.....
 Corona                   Hex            #......      100%        1    ##.....
 Summon Small Mammal      Summ           #...         100%        1    ##.....
 Ensorcelled Hibernation  Hex/Ice        #.....       100%        2    ###....
 Confuse                  Hex            #.......     100%        3    ####...
 Conjure Flame            Conj/Fire      #.......     100%        3    ####...
 Dazzling Spray           Conj/Hex       #.....       100%        3    ####...
 Gell's Gravitas          Tloc           #.........   100%        3    ####...
 Tukima's Dance           Hex            #.......     100%        3    ####...
 Petrify                  Tmut/Erth      #.......     100%        4    #####..
 Bolt of Magma            Conj/Fire/Erth #.........   100%        5    ######.
 Iskenderun's Battlesphe  Conj/Chrm      #.......     100%        5    ######.
 Metabolic Englaciation   Hex/Ice        #.........   100%        5    ######.
 Venom Bolt               Conj/Pois      #.........   100%        5    ######.
 Yara's Violent Unravell  Hex/Tmut       #.........   100%        5    ######.
 Conjure Ball Lightning   Conj/Air       #.........   100%        6    #######
 Iron Shot                Conj/Erth      #.........   100%        6    #######
 Orb of Destruction       Conj           #.........   100%        7    #######
 Spellforged Servitor     Conj/Summ      #.........   100%        7    #######


Dungeon Overview and Level Annotations

Branches:
Dungeon (10/15)            Temple (1/1) D:7            Lair (1/6) D:8
    Orc (1/2) D:9

Altars:
Ashenzari
Cheibriados
Dithmenos
Elyvilon
Fedhas
Gozag
Kikubaaqudgha
Makhleb
Okawaru
Qazlal
Trog
Vehumet
Wu Jian
The Shining One

Shops:
D:9 [(

Annotations:
Gauntlet 10 transporters, exclusion: orange crystal statue


Innate Abilities, Weirdness & Mutations

You reflexively headbutt those who attack you in melee.
You have a pair of horns on your head.


Message History

You headbutt the minotaur!
The minotaur is heavily wounded.
You feel sick. The minotaur closely misses you.
You block the minotaur's attack.
Unknown command.
It was a potion of curing.
You feel better. You block the minotaur's attack.
The minotaur gores you but does no damage.
You hit the minotaur. You headbutt the minotaur!
The minotaur is heavily wounded.
You block the minotaur's attack. x2
You are feeling hungry.
You slash the minotaur! You headbutt the minotaur!
The minotaur is severely wounded.
The minotaur hits you with the +1 long sword of Okawaru's Esteem {venom, *Rage Int+4 SInv}!
* * * LOW HITPOINT WARNING * * *
You block the minotaur's attack.
You hit the minotaur but do no damage. You headbutt the minotaur.
The minotaur is almost dead.
The minotaur hits you with the +1 long sword of Okawaru's Esteem {venom, *Rage Int+4 SInv}!!
You die...

≈.≈.####.8.#
.≈≈.#©.....#
..≈4####.8.#
5≈.2#..#...# ##########
#####..#.8.# #........#
......≈#...####.######.#
.....§∩#.8....#.# #.#
......§#...##.#(####.#.#
#####§.#.8.##.#.@H...#.#
....#..#...##.########.#
..#.####.8.##..........#
##..#©.....#############
##..####.8.#
....#..#..§#
##..#..#≈8§#
##..#..##### ..#.#..#


You could see a minotaur (berserk).

Vanquished Creatures
  A two-headed ogre (D:9)
  Pikel (D:7)
  An apocalypse crab (Gauntlet)
  A torpor snail (Gauntlet)
  2 spiny frogs (Lair:1)
  A hornet (D:8)
  Grinder (D:3)
  Prince Ribbit (D:8)
  3 hippogriffs
  A tyrant leech (Gauntlet)
  Sigmund (D:5)
  10 yaks (D:10)
  A basilisk (Lair:1)
  4 swamp worms (Gauntlet)
  Duvessa (D:6)
  2 water moccasins (D:10)
  A porcupine (Lair:1)
  2 phantoms (D:4)
  2 ice beasts
  2 black bears (D:8)
  5 orc warriors
  7 ogres
  2 slaves (D:7)
  5 wolves (Gauntlet)
  5 centaurs
  A crocodile (Lair:1)
  A big kobold (D:9)
  8 gnoll sergeants (Bailey)
  6 bullfrogs
  A water moccasin zombie (D:5)
  Dowan (D:6)
  10 killer bees
  5 howler monkeys
  2 crimson imps (D:6)
  2 jellies
  2 quasits
  6 orc priests
  8 hounds
  6 gnoll shamans (Bailey)
  Jessica (D:2)
  2 centaur skeletons
  2 iguanas
  6 orc wizards
  5 worker ants
  A hound skeleton (D:4)
  A howler monkey skeleton (D:6)
  14 gnolls (Bailey)
  8 adders
  A shadow imp (D:9)
  2 adder skeletons
  3 worms
  4 dart slugs
  6 leopard geckos
  28 orcs
  A ball python (D:2)
  10 bats
  4 giant cockroaches
  10 goblins
  10 hobgoblins
  8 jackals
  5 quokkas
  2 frilled lizards
  14 kobolds
  A leopard gecko skeleton (D:5)
  10 rats
281 creatures vanquished.

Vanquished Creatures (others)
  2 fungi (Gauntlet)
  12 plants (Gauntlet)
14 creatures vanquished.

Grand Total: 295 creatures vanquished

Notes
Turn   | Place    | Note
-------+----------+-------------------------------------------
     0 | D:1      | Peloso the Minotaur Fighter began the quest for the Orb.
     0 | D:1      | Reached XP level 1. HP: 19/19 MP: 0/0
   161 | D:1      | Reached XP level 2. HP: 27/27 MP: 1/1
   304 | D:1      | Reached XP level 3. HP: 22/33 MP: 2/2
   467 | D:1      | Reached skill level 3 in Long Blades
   716 | D:2      | Noticed Jessica
   726 | D:2      | Killed Jessica
   726 | D:2      | Reached skill level 1 in Dodging
   726 | D:2      | Reached XP level 4. HP: 25/40 MP: 3/3
   881 | D:2      | Found an ancient bone altar of Kikubaaqudgha.
  1324 | D:3      | Noticed Grinder
  1338 | D:3      | Killed Grinder
  1338 | D:3      | Reached skill level 5 in Long Blades
  1338 | D:3      | Reached skill level 5 in Shields
  1338 | D:3      | Reached XP level 5. HP: 22/47 MP: 4/4
  1338 | D:3      | Reached XP level 6. HP: 25/53 MP: 5/5
  1346 | D:3      | Reached skill level 5 in Armour
  2455 | D:4      | Found a blossoming altar of Fedhas.
  2722 | D:4      | Reached skill level 6 in Long Blades
  2722 | D:4      | Reached XP level 7. HP: 44/60 MP: 6/6
  3029 | D:4      | Found a shadowy altar of Dithmenos.
  3039 | D:4      | Found a stormy altar of Qazlal.
  3256 | D:5      | Entered Level 5 of the Dungeon
  3256 | D:5      | Found a shattered altar of Ashenzari.
  3304 | D:5      | Reached skill level 5 in Fighting
  3327 | D:5      | Noticed Sigmund
  3339 | D:5      | Killed Sigmund
  3339 | D:5      | Reached skill level 7 in Long Blades
  3509 | D:5      | Reached XP level 8. HP: 30/68 MP: 7/7
  4669 | D:6      | Noticed Dowan
  4671 | D:6      | Noticed Duvessa
  4677 | D:6      | Killed Dowan
  4708 | D:6      | Killed Duvessa
  4708 | D:6      | Reached skill level 8 in Long Blades
  5156 | D:6      | You fall into a shaft and drop 3 floors!
  5187 | D:9      | Reached skill level 9 in Long Blades
  5216 | D:9      | Noticed a hippogriff
  5221 | D:9      | Killed a hippogriff
  5221 | D:9      | Reached XP level 9. HP: 49/75 MP: 8/8
  5649 | D:8      | Found a staircase to the Lair.
  5741 | D:7      | Noticed Pikel
  5764 | D:7      | Killed Pikel
  5764 | D:7      | Reached skill level 10 in Long Blades
  6002 | D:7      | Found a staircase to the Ecumenical Temple.
  6011 | Temple   | Entered the Ecumenical Temple
  6042 | Temple   | Became a worshipper of Warmaster Okawaru
  6244 | D:7      | Found a burning altar of Makhleb.
  6245 | D:7      | Found a glowing golden altar of the Shining One.
  6544 | D:7      | Found an ornate altar of the Wu Jian Council.
  6814 | D:7      | Reached skill level 1 in Stealth
  6833 | D:8      | Noticed Prince Ribbit
  6852 | D:8      | Killed Prince Ribbit
  6852 | D:8      | Reached * piety under Okawaru
  6956 | D:8      | Found an opulent altar of Gozag.
  6976 | D:8      | Found a bloodstained altar of Trog.
  6983 | D:8      | Reached XP level 10. HP: 82/88 MP: 9/9
  7946 | D:8      | Paralysed by a hornet for 1 turns
  7958 | D:8      | Reached skill level 11 in Long Blades
  8290 | D:9      | Found Voqobb's Armour Emporium.
  8291 | D:9      | Found a staircase to the Orcish Mines.
  8494 | D:9      | Found Zokhloghi's Weapon Emporium.
  9381 | D:9      | Noticed a two-headed ogre
  9395 | D:9      | Killed a two-headed ogre
  9395 | D:9      | Reached ** piety under Okawaru
  9395 | D:9      | Reached skill level 5 in Dodging
  9553 | D:9      | Identified the Collected Works on Hurtful Malediction
  9674 | D:10     | Entered Level 10 of the Dungeon
  9715 | D:10     | Found a flagged portal.
  9733 | Bailey   | Entered a bailey
  9901 | Bailey   | Reached skill level 10 in Shields
 11679 | D:10     | Reached XP level 11. HP: 68/97 MP: 10/10
 11696 | D:10     | Reached *** piety under Okawaru
 12373 | Orc:1    | Entered Level 1 of the Orcish Mines
 12382 | D:9      | Bought a +1 pair of boots of flying for 247 gold pieces
 12433 | Lair:1   | Entered Level 1 of the Lair of Beasts
 12441 | Lair:1   | Reached skill level 12 in Long Blades
 12619 | Lair:1   | Reached **** piety under Okawaru
 12724 | Lair:1   | Found a gate leading to a gauntlet.
 12733 | Gauntlet | Entered a Gauntlet
 12733 | Gauntlet | Found a transporter.
 12733 | Gauntlet | Found a transporter.
 12737 | Gauntlet | Found a transporter.
 12738 | Gauntlet | Found a transporter.
 12748 | Gauntlet | Found a transporter.
 12758 | Gauntlet | Found a transporter.
 12758 | Gauntlet | Found a transporter.
 12758 | Gauntlet | Noticed a reaper
 12760 | Gauntlet | Found a transporter.
 12760 | Gauntlet | Noticed an orange crystal statue
 12787 | Gauntlet | Found a transporter.
 12835 | Gauntlet | Found a transporter.
 12847 | Gauntlet | Found a transporter.
 12870 | Gauntlet | Found a transporter.
 12971 | Gauntlet | Found a transporter.
 12985 | Gauntlet | Found a transporter.
 13001 | Gauntlet | Found a transporter.
 13012 | Gauntlet | Noticed a death ooze
 13014 | Gauntlet | Found a transporter.
 13569 | Gauntlet | Got a slimy steel ring
 13583 | Gauntlet | Identified the ring of Waqulitt {rC+ MR+ Dex+2 SInv} (You
                  | found it in a Gauntlet)
 13835 | Gauntlet | Got a faintly humming hat
 13841 | Gauntlet | Identified the +0 hat of Discretion {+Inv rF+} (You found
                  | it in a Gauntlet)
 14079 | Gauntlet | Identified the +1 long sword of Okawaru's Esteem {venom,
                  | *Rage Int+4 SInv}
 14079 | Gauntlet | Noticed a minotaur
 14101 | Gauntlet | Slain by a minotaur

Levels and vault maps discovered:
D:1:      mrwooster_arrival_arrow, layout_basic, minmay_misc_feat_secret_circle
D:2:      layout_loops_ring, kiku_gazebo_garden_becter, uniq_jessica
D:3:      layout_loops_corners, st_stairs_5, uniq_grinder
D:4:      layout_basic, minitemple, grunt_ministairs_6,
          fedhas_bush_and_centaur_altar
D:5:      layout_cave_pods, nicolae_overflow_crystal_walls, first_ration,
          uniq_sigmund
D:6:      layout_gridville, uniq_duvessa
D:7:      layout_basic, gammafunk_temple_overflow_statue,
          overflow_temple_1_default, minmay_temple_entry_gardened_gates,
          uniq_pikel
D:8:      layout_loops_ring, lemuel_crystal_altar, dpeg_oklobed_lair,
          trog_ov_bears_minmay, uniq_prince_ribbit1
D:9:      layout_rooms, orc_david_3, grunt_ogre_cave, library_closet,
          centaur_isle
D:10:     layout_stronghold, enter_bailey_2
Temple:   oiseaux_autumnal_temple
Lair:1:   layout_cave_pods, gauntlet_entry_generic, lemuel_fruit_fields,
          infiniplex_staircase_pool
Orc:1:    layout_diamond_mine, minmay_orc_temple_a
Gauntlet: gammafunk_gauntlet_branching [gammafunk_gauntlet_arena_crates,
          gammafunk_gauntlet_arena_arrow_garden, gammafunk_gauntlet_arena_grid,
          gammafunk_gauntlet_arena_split_diamond,
          nicolae_gauntlet_arena_t_cross, nicolae_gauntlet_arena_grate_2,
          nicolae_gauntlet_arena_flowing_pool, nicolae_gauntlet_arena_blocks,
          gauntlet_exit_spiral]

Skill      XL: |  1  2  3  4  5  6  7  8  9 10 11 |
---------------+----------------------------------+-----
Shields        | 4 5 6 7 8 10 11 | 11.8
Fighting       | 4 5 6 7 9 |  9.4
Long Blades    | 3 5 6 7 9 10 11 12 | 12.4
Armour         | 4 5 6 7 9 |  9.7
Dodging        | 1 2 3 4 5 |  5.8
Stealth        | 1 2 |  2.0
Invocations    | |  0.3

Action                   |  1- 3 |  4- 6 |  7- 9 | 10-12 || total
-------------------------+-------+-------+-------+-------++-------
Melee: Long sword        |    95 |   114 |   317 |   522 ||  1048
       Headbutt          |    10 |    20 |    71 |   141 ||   242
Invok: Heroism           |       |       |       |     8 ||     8
  Use: Scroll            |       |     5 |     3 |     5 ||    13
       Potion            |       |     1 |     3 |     2 ||     6
 Stab: Sleeping          |       |       |       |     1 ||     1
  Eat: Chunk             |       |     5 |    11 |    23 ||    39
       Ration            |       |       |     1 |       ||     1
Armor: Scale mail        |    55 |    32 |   110 |   129 ||   326
       Skin              |       |       |    36 |       ||    36
       Crystal plate arm |       |       |       |     4 ||     4
Dodge: Dodged            |    33 |    41 |    97 |   184 ||   355
Block: Shield            |    67 |    52 |   201 |   500 ||   820
       Reflection        |       |       |       |     1 ||     1
       Rpst.: Long sword |    12 |    12 |    21 |    52 ||    97

Table legend:
 A = Non-vault XP
 B = Vault XP
 C = Vault XP percentage of total XP
 D = Non-vault monster count
 E = Vault monster count
 F = Vault count percentage of total count
                 A         B        C        D         E       F
            +---------+---------+-------+---------+---------+-------
      Total |   10332 |    6684 |  39.3 |     218 |      61 |  21.9
            +---------+---------+-------+---------+---------+-------
        D:1 |      64 |       0 |   0.0 |      35 |       0 |   0.0
        D:2 |      45 |      37 |  45.1 |      19 |       1 |   5.0
        D:3 |     106 |     282 |  72.7 |      24 |       4 |  14.3
        D:4 |     405 |     123 |  23.3 |      12 |       2 |  14.3
        D:5 |     326 |     212 |  39.4 |      16 |       1 |   5.9
        D:6 |     841 |     218 |  20.6 |      16 |       2 |  11.1
        D:7 |     760 |     617 |  44.8 |      13 |       1 |   7.1
        D:8 |    1373 |     673 |  32.9 |      28 |       4 |  12.5
        D:9 |    1464 |     897 |  38.0 |      21 |       4 |  16.0
       D:10 |    3397 |       0 |   0.0 |      26 |       0 |   0.0
     Lair:1 |    1551 |       0 |   0.0 |       8 |       0 |   0.0
     Bailey |       0 |    1224 | 100.0 |       0 |      30 | 100.0
   Gauntlet |       0 |    2401 | 100.0 |       0 |      12 | 100.0
            +---------+---------+-------+---------+---------+-------
